Map: Orbital Shipyard

Players

LilDicky

  • Race: Terran Terran
  • League: Platinum

Setolumt - Winner!

  • Race: Zerg Zerg
  • League: Diamond

VOD

http://www.twitch.tv/tumescentpie

Description

Time

  • Played on: Nov. 21, 2015, 12:21 a.m.
  • Length: 11:11
Show
View Real Time Build Order
Export as new Build Order

LilDicky Terran 

Build Orders: Command Center First (CC), MMM Bio 

Get SALT Encoding   

  13  0:07  SCV  
  13  0:19  SCV  
  14  0:24  Supply Depot  
  14  0:31  SCV  
  15  0:45  SCV  
  16  0:58  SCV  
  16  1:02  Command Center  
  17  1:13  Barracks  
  17  1:17  SCV  
  18  1:29  SCV  
  19  1:41  SCV  
  20  1:49  Command Center  
  21  2:02  Orbital Command  
  21  2:05  Marine  
  21  2:14  Orbital Command  
  21  2:19  Supply Depot  
  21  2:25  Marine  
  21  2:28  SCV  
  23  2:41  SCV  
  23  2:42  SCV  
  23  2:43  Marine  
  26  2:58  Command Center  
  26  3:00  SCV x2  
  26  3:01  Orbital Command  
  26  3:04  Marine  
  29  3:12  SCV  
  30  3:15  Barracks  
  30  3:17  Barracks  
  30  3:20  SCV  
  30  3:22  Marine  
  30  3:24  SCV  
  33  3:29  SCV  
  33  3:30  Barracks  
  33  3:32  SCV  
  35  3:40  Marine  
  36  3:47  SCV  
  34  3:50  SCV  
  34  3:56  SCV  
  34  3:58  Marine  
  34  4:01  Bunker  
  36  4:06  SCV  
  36  4:07  Marine x2  
  39  4:11  Supply Depot  
  39  4:13  SCV  
  39  4:16  Marine  
  41  4:19  Marine  
  41  4:22  Orbital Command  
  41  4:23  Barracks x2  
  42  4:24  Marine  
  42  4:25  SCV x2, Marine  
  46  4:33  Marine  
  46  4:35  Bunker  
  46  4:37  Marine  
  48  4:44  Marine x2  
  50  4:48  SCV x3, Refinery  
  50  4:49  Refinery  
  50  4:51  Marine  
  54  4:55  SCV, Marine  
  56  5:00  SCV  
  56  5:01  SCV, Barracks x2  
  56  5:02  Marine x2  
  56  5:05  SCV  
  61  5:09  Marine  
  61  5:13  Marine  
  62  5:20  Marine  
  62  5:26  Marine x2  
  62  5:28  SCV  
  65  5:32  Barracks Tech Lab  
  65  5:34  Marine x2  
  67  5:38  SCV, Refinery, Marine  
  67  5:39  Refinery  
  69  5:44  Marine x2  
  69  5:45  Orbital Command  
  71  5:52  Marine x2  
  71  5:55  SCV, Marine  
  71  5:56  Barracks  
  71  5:57  SCV x2, Barracks, Marine  
  76  5:59  Barracks  
  76  6:01  Marine  
  76  6:02  Barracks  
  76  6:03  Barracks  
  80  6:07  SCV  
  80  6:09  SCV  
  80  6:10  Stimpack  
  80  6:11  Barracks Reactor  
  83  6:13  Marine  
  83  6:15  Marine  
  84  6:18  Barracks Reactor  
  84  6:21  Barracks Reactor  
  84  6:22  SCV  
  84  6:26  Barracks Reactor  
  84  6:32  Supply Depot x2  
  84  6:36  Marine x2  
  84  6:37  SCV, Marauder  
  89  6:43  Supply Depot  
  89  6:44  Engineering Bay  
  89  6:45  Engineering Bay  
  89  6:46  Marine  
  89  6:47  Marine x4  
  90  6:49  Supply Depot  
  90  6:50  SCV  
  90  6:51  SCV x3  
  90  6:52  Marine  
  90  6:54  Barracks Tech Lab  
  100  6:55  Barracks Tech Lab  
  100  6:58  Barracks Tech Lab  
  99  7:02  SCV  
  99  7:03  SCV  
  99  7:06  Marine x2  
  99  7:07  Barracks Tech Lab, Marauder  
  99  7:08  Marine x2  
  107  7:11  Terran Infantry Weapons Level 1  
  107  7:19  Marine  
  107  7:20  Refinery, Marine  
  109  7:24  Refinery  
  109  7:29  Marine  
  99  7:30  Marine x3  
  99  7:31  Marine, Marauder  
  99  7:32  Marine x2  
  99  7:33  SCV  
  99  7:34  Marine  
  108  7:38  Combat Shields  
  98  7:50  SCV x2  
  98  7:51  SCV x2  
  102  7:57  Supply Depot  
  102  7:58  Supply Depot  
  102  8:00  Marine  
  102  8:01  Marauder, Marine x2  
  102  8:03  SCV  
  108  8:09  Marine x3  
  108  8:10  Marauder  
  113  8:14  Terran Infantry Armor Level 1  
  113  8:17  SCV  
  113  8:18  Factory  
  114  8:22  SCV x2  
  116  8:28  Refinery, Marine x2  
  116  8:29  Marauder  
  116  8:33  Marine x2  
  122  8:36  Missile Turret  
  122  8:37  Marine x2  
  124  8:47  Supply Depot  
  124  8:50  Marine x2  
  124  8:53  Command Center  
  124  8:55  Marine x2  
  128  8:56  Marauder x2  
  128  8:59  Marine  
  128  9:00  Marauder  
  135  9:03  Marine  
  135  9:05  Factory Reactor  
  135  9:06  SCV  
  135  9:08  Starport  
  137  9:11  SCV x2  
  137  9:14  SCV  
  140  9:18  SCV, Marine x2  
  140  9:22  Marine x2  
  145  9:25  Supply Depot  
  141  9:43  Marine  
  141  9:44  Marine  
  124  9:55  Marine  
  106  10:01  Marine x2  
  106  10:02  Marauder  
  110  10:14  Marine  
  110  10:20  Marine  
  84  10:21  Marine x9  
  84  10:22  Marine, Marauder x2  
  84  10:23  Marauder  
  100  10:28  Marine x2  
  100  10:32  Marine  
  95  10:38  Marine  
  95  10:39  Marine x6  
  99  10:43  Marauder x2  
  99  10:44  Marauder  
  99  10:47  Marauder  
  71  10:59  SCV  
Show
View Real Time Build Order
Export as new Build Order

Setolumt Zerg - Winner!

Build Orders: Hatch First, Lurkers 

Get SALT Encoding   

  12  0:01  Drone  
  13  0:12  Overlord  
  13  0:18  Drone  
  14  0:31  Drone x2  
  14  0:35  Drone  
  17  0:57  Drone  
  18  1:03  Hatchery  
  17  1:12  Spawning Pool  
  17  1:16  Drone, Extractor  
  17  1:18  Drone, Extractor  
  16  1:22  Drone  
  17  1:31  Drone  
  18  1:39  Drone  
  19  1:50  Overlord  
  19  1:58  Queen  
  22  2:01  Zergling x2  
  22  2:09  Metabolic Boost  
  22  2:11  Drone  
  23  2:15  Drone  
  23  2:17  Queen  
  23  2:22  Drone  
  27  2:29  Zergling x2  
  28  2:37  Lair  
  28  2:39  Zergling x2  
  28  2:42  Zergling x2  
  30  2:47  Zergling x2  
  31  3:02  Zergling x2  
  31  3:03  Zergling x4  
  34  3:06  Overlord  
  34  3:14  Baneling Nest  
  34  3:15  Spore Crawler  
  32  3:20  Drone  
  32  3:26  Drone  
  35  3:27  Drone  
  35  3:28  Drone  
  36  3:39  Drone x2  
  37  3:47  Zergling x4  
  37  3:48  Zergling x2  
  39  3:53  Drone x2  
  41  3:58  Spore Crawler  
  40  4:12  Drone x2, Nydus Network  
  41  4:23  Baneling x5  
  41  4:37  Drone x2  
  41  4:38  Drone  
  44  4:58  Overlord x4  
  44  5:03  Hatchery  
  43  5:07  Extractor  
  43  5:10  Extractor  
  40  5:32  Zergling x4  
  40  5:33  Zergling x14  
  49  5:35  Centrifical Hooks  
  49  5:39  Hydralisk Den  
  48  5:49  Overseer  
  48  5:54  Drone x2  
  48  5:55  Drone x3  
  48  5:56  Drone  
  54  6:04  Overlord  
  54  6:05  Drone  
  54  6:06  Drone x2  
  57  6:12  Drone  
  57  6:15  Lurker Den  
  58  6:21  Baneling  
  58  6:22  Baneling x8  
  58  6:23  Baneling  
  58  6:24  Baneling  
  58  6:33  Drone  
  59  6:50  Hydralisk x2  
  59  6:51  Hydralisk x4  
  71  6:57  Drone x4  
  71  7:00  Extractor  
  74  7:04  Nydus Canal  
  74  7:06  Extractor  
  73  7:23  Hydralisk x4  
  73  7:28  Hydralisk  
  81  7:30  Overlord  
  74  7:50  Nydus Canal  
  74  7:52  Hydralisk x3  
  74  7:53  Hydralisk x2  
  84  8:01  Drone x5  
  89  8:17  Overlord x4  
  89  8:40  Lurker  
  89  8:41  Lurker x5  
  95  8:44  Drone x2  
  95  8:45  Drone x6  
  103  8:49  Drone x4  
  107  8:57  Spore Crawler, Pneumatized Carapace  
  106  9:12  Nydus Canal  
  106  9:25  Hatchery, Overseer  
  90  9:44  Lurker x6  
  88  9:46  Zergling x6  
  88  9:47  Zergling x12  
  76  10:04  Spine Crawler  
  76  10:05  Spine Crawler  
  72  10:10  Nydus Canal  
  64  10:27  Nydus Canal  
  64  10:33  Zergling x4  
  64  10:34  Zergling x8  
  59  10:55  Nydus Canal  
  64  11:07  Spine Crawler x2  
  64  11:08  Spine Crawler  
Tags
 
Add a new tag
Caveats
  • Supply blocks, unpowered buildings, or Contaminate may cause inaccurate times.
  • Supply counts are checked every 10 seconds.